 Dungeon Crawl Stone Soup version 0.28-a0-1447-ga5a8893891 (webtiles) character file.

Game seed: 4888560861827617170

51 hashsling the Slasher (level 3, -5/29 HPs)
             Began as a Barachi Warper on Jan 11, 2022.
             Was a Follower of Qazlal.
             Slain by Terence (8 damage)
             ... on level 3 of the Dungeon.
             The game lasted 00:14:42 (2194 turns).

hashsling the Slasher (Barachi Warper)              Turns: 2194, Time: 00:14:43

Health: -5/29      AC:  3    Str: 12    XL:     3   Next: 83%
Magic:  6/6        EV: 12    Int: 13    God:    Qazlal [*.....]
Gold:   74         SH:  2    Dex: 13    Spells: 4/6 levels left

rFire   . . .      SeeInvis .   i - +0 long sword
rCold   . . .      Faith    .   (no shield)
rNeg    . . .      Spirit   .   b - +0 leather armour
rPois   .          Reflect  .   (no helmet)
rElec   .          Harm     .   (no cloak)
rCorr   .          Rampage  .   (no gloves)
Will    .....                   (no boots)
Stlth   +.........              (no amulet)
HPRegen 0.09/turn               (no ring)
MPRegen 0.10/turn               (no ring)

@: slow
A: amphibious, slowness 1, strong legs 1, +LOS
a: Hop, Renounce Religion


You were on level 3 of the Dungeon.
You worshipped Qazlal.
Qazlal was aware of your devotion.
You visited 1 branch of the dungeon, and saw 3 of its levels.

You collected 74 gold pieces.

Inventory:

Hand Weapons
 a - a +0 falchion
 e - a +0 hunting sling
 i - a +0 long sword (weapon)
Missiles
 d - 3 boomerangs of dispersal
 f - 71 stones
 g - 18 bolts
 l - 3 javelins (quivered)
Armour
 b - a +0 leather armour (worn)
Magical Staves
 n - a staff of cold
Jewellery
 o - a ring of fire
Scrolls
 c - a scroll of blinking
 k - 3 scrolls of identify {unknown}
 m - a scroll of fog {unknown}
Potions
 h - 2 potions of heal wounds {unknown}
 j - a potion of resistance {unknown}
 p - 2 potions of cancellation {unknown}


   Skills:
 * Level 3.6 Fighting
 * Level 3.6 Long Blades
 - Level 1.0 Throwing
 - Level 2.0 Armour
 - Level 2.1 Dodging
 - Level 2.1 Spellcasting
 + Level 3.3 Translocations


You had 4 spell levels left.
You knew the following spells:

 Your Spells              Type           Power      Damage    Failure   Level
a - Blink                 Tloc           20%        N/A       12%         2

Your spell library contained the following spells:

 Spells                   Type           Power      Damage    Failure   Level
 Gell's Gravitas          Tloc           10%        N/A       24%         3
 Lesser Beckoning         Tloc           10%        N/A       24%         3
 Teleport Other           Tloc           10%        N/A       24%         3
 Manifold Assault         Tloc           10%        N/A       91%         5


Dungeon Overview and Level Annotations

Branches:
Dungeon (3/15)

Altars:
Qazlal

Shops:
D:1 *

Annotations:
D:2 Sigmund
D:3 Terence


Innate Abilities, Weirdness & Mutations

You are amphibious.
You cover ground slowly.
You can hop short distances.
You have an extended range of vision and can be seen from far away.


Message History

You hit the hobgoblin.
The hobgoblin is moderately wounded.
The hobgoblin barely misses you.
You slash the hobgoblin!
You kill the hobgoblin!
Qazlal accepts your kill.
There is a stone staircase leading up, spattered with blood here.
You now have 74 gold pieces (gained 10).
o - a ring of fire
Found a stone staircase leading up.
Found a trident.
p - 2 yellow potions Terence the Incautious comes into view.
He is wielding a +0 hand axe.
Terence shouts!
Terence screams, "I'm going to kill you!"
Terence hits you with a +0 hand axe.
* * * LOW HITPOINT WARNING * * *
You hit Terence.
Terence is moderately wounded.
Terence asks, "Do you want it fast or slow?"
You block Terence's attack.
You slash Terence!
Terence is severely wounded.
Terence closely misses you. x2
You barely miss Terence.
Terence is severely wounded.
Terence barely misses you.
You closely miss Terence.
Terence is severely wounded.
Terence barely misses you.
You hit Terence.
Terence is almost dead.
Terence barely misses you.
You hit Terence but do no damage.
Terence is almost dead.
Terence closely misses you. x2
You hit Terence but do no damage.
Terence is almost dead.
Terence hits you with a +0 hand axe!
You die...

#### #######
....##.....##
............##
.............#
.............#
........@....#
..).....@....#
........ยง.....#
..............#
.............#
.<...........#
###..........#
#####..........#
....#..........#
#...........##


You could see Terence.

Vanquished Creatures
  2 dart slugs (D:1)
  5 endoplasms
  2 giant cockroaches
  4 goblins
  9 hobgoblins
  A jackal (D:2)
  3 quokkas
  3 ball pythons
  A bat (D:1)
  3 frilled lizards
  5 kobolds
  4 rats
42 creatures vanquished.

Notes
Turn   | Place    | Note
-------+----------+-------------------------------------------
     0 | D:1      | hashsling the Barachi Warper began the quest for the Orb.
     0 | D:1      | Reached XP level 1. HP: 17/17 MP: 3/3
   514 | D:1      | Reached XP level 2. HP: 19/23 MP: 5/5
   863 | D:1      | Found Birhaser's General Store.
   916 | D:1      | Learned a level 2 spell: Blink
  1042 | D:1      | Reached XP level 3. HP: 25/29 MP: 6/6
  1629 | D:2      | Found a faded altar of an unknown god.
  1637 | D:2      | Prayed at the altar of an unknown god.
  1637 | D:2      | Became a worshipper of Qazlal Stormbringer
  1637 | D:2      | Reached * piety under Qazlal
  1644 | D:2      | Noticed Sigmund
  2184 | D:3      | Noticed Terence
  2194 | D:3      | Slain by Terence

Illustrated notes

Levels and vault maps discovered:
D:1:      eino_arrival_tree_alley, layout_rooms, serial_shops,
          nicolae_shop_window_shopping
D:2:      layout_loops_ring, hellmonk_ecumenical_altar_leap_of_faith,
          wad_floor_pattern_untrapped, minmay_tetromino_t2, uniq_sigmund
D:3:      layout_rooms, uniq_ijyb, uniq_terence

Skill      XL: |  1  2  3 |
---------------+----------+-----
Fighting       | 3 |  3.6
Long Blades    | 3 |  3.6
Armour         | 2 |  2.0
Throwing       | |  1.0
Dodging        | |  2.1
Spellcasting   | |  2.1
Translocations | |  3.3

Action                   || total
-------------------------++-------
Melee: Falchion          ||    83
       Punch             ||     3
       Long sword        ||    67
Throw: Boomerang         ||     2
 Cast: Blink             ||     2
 Abil: Hop               ||     2
Armor: Leather armour    ||    28
Dodge: Dodged            ||    99
Block: Other             ||     1

Table legend: (Time is in decaauts)
 A = Elapsed time spent in this place.
 B = Non-inter-level travel time spent in this place.
 C = Inter-level travel time spent in this place.
 D = Time resting spent in this place.
 E = Time spent auto-exploring this place.
 F = Levels seen in this place.
 G = Mean time per level.
                   A        B        C        D        E       F      G
               +--------+--------+--------+--------+--------+-----+--------+
         Total |   2399 |   2399 |      0 |      0 |   1692 |   3 |  799.7 |
       Dungeon |   2399 |   2399 |      0 |      0 |   1692 |   3 |  799.7 |
               +--------+--------+--------+--------+--------+-----+--------+

Top non-repeatable levels by time:
     D:1: 1318 daAuts
     D:2: 1032 daAuts
     D:3: 47 daAuts
